Map: Automaton LE

Players

Mesrob

  • Race: Zerg Zerg
  • League: Platinum
  • Spawn Location: 3:00

kuro - Winner!

  • Race: Terran Terran
  • League: Silver
  • Spawn Location: 9:00

VOD

Have the link to the VOD?

Description

Time

  • Played on: April 6, 2019, 2:33 p.m.
  • Length: 5:49
Show
View Real Time Build Order
Export as new Build Order

Mesrob Zerg 

Build Orders: Hatch First 

Get SALT Encoding   

  12  0:03  Drone  
  14  0:14  Drone  
  14  0:18  Overlord  
  14  0:46  Drone  
  14  0:47  Drone x2  
  17  0:59  Hatchery  
  17  1:03  Drone  
  17  1:23  Spawning Pool  
  16  1:27  Drone  
  17  1:33  Drone  
  18  1:43  Drone x2  
  20  1:50  Extractor  
  19  1:56  Drone  
  20  2:08  Drone  
  21  2:15  Queen  
  21  2:18  Queen  
  25  2:23  Drone  
  25  2:24  Drone x2  
  25  2:26  Overlord  
  28  2:47  Drone x2  
  28  2:49  Drone x2  
  32  2:54  Queen  
  34  3:11  Drone x2  
  36  3:20  Lair  
  36  3:47  Evolution Chamber  
  35  3:49  Evolution Chamber  
  35  3:51  Roach Warren  
  33  4:01  Spine Crawler  
  32  4:04  Drone x4  
  32  4:06  Overlord  
  36  4:10  Extractor  
  36  4:14  Extractor  
  34  4:25  Drone x3  
  37  4:35  Roach x2  
  41  4:49  Drone x2  
  41  4:50  Drone  
  44  5:09  Overlord x3  
  44  5:28  Drone x5  
  47  5:29  Drone x4  
  47  5:30  Drone  
Show
View Real Time Build Order
Export as new Build Order

kuro Terran - Winner!

Build Orders:  

Get SALT Encoding   

  12  0:12  Supply Depot  
  12  0:13  SCV  
  13  0:25  SCV  
  14  0:36  Barracks  
  14  0:39  SCV  
  15  0:53  Supply Depot, SCV  
  16  1:05  SCV  
  16  1:07  Refinery  
  17  1:17  SCV  
  18  1:27  Refinery  
  18  1:29  SCV  
  19  1:39  Marine  
  20  1:41  SCV  
  21  1:54  SCV  
  22  1:57  Marine  
  23  2:06  Orbital Command  
  23  2:10  Factory  
  23  2:14  Marine  
  24  2:19  Supply Depot  
  24  2:31  SCV  
  24  2:32  Supply Depot  
  25  2:43  Barracks Tech Lab, SCV  
  26  2:55  SCV  
  27  3:10  Factory Tech Lab  
  27  3:13  Factory Reactor  
  27  3:16  Starport  
  27  3:18  Starport  
  27  3:24  SCV  
  28  3:34  Marine  
  28  3:36  SCV  
  30  3:47  Barracks  
  30  3:48  SCV  
  31  3:52  Marine  
  31  3:54  Stimpack  
  32  3:56  Hellion x2  
  32  4:00  Starport Tech Lab  
  32  4:01  Starport Tech Lab  
  36  4:10  Marine  
  36  4:14  Liberator x2  
  37  4:17  Hellion  
  39  4:28  Marine  
  45  4:43  Barracks Reactor  
  45  4:47  Hellion  
  47  5:08  Supply Depot  
  47  5:12  Supply Depot  
Tags
 
Matchup
TvZ
Replay Pack
sc2 replays
Spawn Locations
Cross Positions
Add a new tag
Caveats
  • Supply blocks, unpowered buildings, or Contaminate may cause inaccurate times.
  • Supply counts are checked every 10 seconds.